 Dungeon Crawl Stone Soup version 0.22-a0-512-g0943f25 (webtiles) character file.

1720 Gildeon the Magician (level 8, -1/41 HPs)
             Began as a Deep Elf Conjurer on June 18, 2018.
             Was a Follower of Sif Muna.
             Slain by an iguana (6 damage)
             ... on level 6 of the Dungeon.
             The game lasted 00:38:12 (6279 turns).

Gildeon the Magician (Deep Elf Conjurer)            Turns: 6279, Time: 00:38:13

Health: -1/41      AC:  6    Str:  7    XL:     8   Next: 75%
Magic:  6/19       EV: 17    Int: 23    God:    Sif Muna [*.....]
Gold:   399        SH:  0    Dex: 15    Spells: 0/19 levels left

rFire    + . .     SeeInvis .   f - +1 dagger
rCold    . . .     Gourm    .   (no shield)
rNeg     . . .     Faith    .   a - +0 robe
rPois    .         Spirit   .   i - +0 helmet
rElec    .         Reflect  .   d - +0 cloak
rCorr    .         Harm     .   (no gloves)
MR       .....                  (no boots)
Stlth    +++.......             (no amulet)
HPRegen  0.13/turn              k - ring of protection from fire
MPRegen  0.16/turn              (no ring)

@: no status effects
A: repulsion field 1, thin metallic scales 1, strong 1
a: Divine Energy, Renounce Religion


You were on level 6 of the Dungeon.
You worshipped Sif Muna.
Sif Muna was aware of your devotion.
You were not hungry.

You visited 2 branches of the dungeon, and saw 7 of its levels.

You collected 399 gold pieces.

Inventory:

Hand Weapons
 f - a +1 dagger (weapon)
Missiles
 h - 166 stones (quivered)
Armour
 a - a +0 robe (worn)
 d - a +0 cloak (worn)
 i - a +0 helmet (worn)
Jewellery
 k - a ring of protection from fire (left hand)
Wands
 r - a wand of iceblast (6)
Scrolls
 e - 3 scrolls of identify
 j - a scroll of blinking
 l - a scroll of fog {unknown}
 n - a scroll of remove curse
 o - a scroll of amnesia
Potions
 b - 2 potions of brilliance
 g - 2 potions of curing
 p - a potion of heal wounds {unknown}
 q - a potion of flight
Comestibles
 c - 9 rations
 m - 6 chunks of flesh


   Skills:
 - Level 5.0 Dodging
 - Level 5.1 Stealth
 - Level 6.0 Spellcasting
 - Level 5.0 Conjurations
 - Level 5.2 Hexes
 + Level 2.8 Necromancy
 + Level 4.0 Translocations
 + Level 4.1 Invocations
 - Level 5.0 Evocations


You couldn't memorise any spells.
You knew the following spells:

 Your Spells              Type           Power        Failure   Level  Hunger
a - Magic Dart            Conj           ####         1%          1    None
b - Animate Skeleton      Necr           N/A          2%          1    None
c - Searing Ray           Conj           ####..       1%          2    None
d - Dazzling Spray        Conj/Hex       ####..       3%          3    #......
e - Iskenderun's Mystic   Conj           ####....     11%         4    ###....
f - Fulminant Prism       Conj/Hex       ####......   11%         4    ###....
g - Force Lance           Conj/Tloc      ####....     13%         4    ###....

Your spell library contained the following spells:

 Spells                   Type           Power        Failure   Level  Hunger
 Animate Dead             Necr           N/A          26%         4    ###....
 Pain                     Necr           ###.         2%          1    None
 Vampiric Draining        Necr           ###.......   8%          3    #......
 Regeneration             Chrm/Necr      ##........   14%         3    #......


Dungeon Overview and Level Annotations

Branches:
Dungeon (6/15)             Temple (1/1) D:4

Altars:
Ashenzari
Cheibriados
Dithmenos
Elyvilon
Fedhas
Hepliaklqana
Makhleb
Nemelex Xobeh
Ru
Sif Muna
Trog
Uskayaw
Vehumet
Xom
Yredelemnul
Zin
The Shining One


Innate Abilities, Weirdness & Mutations

You are surrounded by a mild repulsion field. (EV +2)
You are partially covered in thin metallic scales. (AC +2)
Your muscles are strong. (Str +2)


Message History

The iguana is almost dead.
The iguana bites you.
* * * LOW HITPOINT WARNING * * *
Casting: Magic Dart (safe; 1% risk of failure)
Confirm with . or Enter, or press ? or * to list all spells.
Aiming: Magic Dart (safe; 1% risk of failure)
Press: ? - help, Shift-Dir - straight line, f/p - iguana
Aim: an iguana (almost dead)
The magic dart hits the iguana.
The iguana is almost dead.
The iguana barely misses you.
Casting: Magic Dart (safe; 1% risk of failure)
Confirm with . or Enter, or press ? or * to list all spells.
Aiming: Magic Dart (safe; 1% risk of failure)
Press: ? - help, Shift-Dir - straight line, f/p - iguana
Aim: an iguana (almost dead)
The magic dart hits the iguana.
The iguana is almost dead.
The iguana bites you.
You die...

### ..# #.#
.###### ####.#
...#.. #....#
#.#.# #.##.#
####.#.### #@##.#
.....#.....l.##.#
################.#
......#..)....##.#
####.#.#####.##.#
#.#.### #.##.# ..
#...# #....# #.
###.# ###### # #.#


You could see an iguana.

Vanquished Creatures
  Sigmund (D:3)
  Eustachio (D:4)
  Menkaure (D:4)
  A sky beast (D:5)
  A necrophage (D:6)
  A phantom (D:5)
  An ogre (D:5)
  An orc warrior (D:6)
  A bullfrog (D:6)
  A wyvern zombie (D:4)
  A scorpion (D:4)
  5 orc priests
  2 centaur skeletons
  3 hounds
  3 orc wizards
  3 worker ants (D:5)
  A howler monkey zombie (D:6)
  A worker ant zombie (D:5)
  4 gnolls
  6 adders
  2 shadow imps (D:5)
  An ooze (D:2)
  An adder zombie (D:5)
  An adder skeleton (D:5)
  2 worms
  A dart slug (D:1)
  3 leopard geckos
  12 orcs
  6 goblins
  4 hobgoblins
  10 jackals
  4 kobolds
  3 quokkas
  A ball python (D:1)
  6 bats
  7 frilled lizards
  A leopard gecko skeleton (D:5)
  8 rats
112 creatures vanquished.

Vanquished Creatures (others)
  A fulminant prism (D:4)
1 creature vanquished.

Grand Total: 113 creatures vanquished

Notes
Turn   | Place    | Note
-------+----------+-------------------------------------------
     0 | D:1      | Gildeon the Deep Elf Conjurer began the quest for the Orb.
     0 | D:1      | Reached XP level 1. HP: 10/10 MP: 6/6
   173 | D:1      | Reached XP level 2. HP: 15/15 MP: 2/8
   257 | D:1      | Learned a level 2 spell: Searing Ray
   697 | D:1      | Reached XP level 3. HP: 19/19 MP: 10/10
  1239 | D:2      | Learned a level 3 spell: Dazzling Spray
  1506 | D:2      | Found a faded altar of an unknown god.
  1638 | D:2      | Reached skill level 4 in Spellcasting
  1638 | D:2      | Reached skill level 5 in Conjurations
  1638 | D:2      | Reached skill level 1 in Hexes
  1660 | D:2      | Reached XP level 4. HP: 19/24 MP: 3/12
  1669 | D:2      | Learned a level 4 spell: Iskenderun's Mystic Blast
  1956 | D:3      | Noticed Sigmund
  2722 | D:4      | Reached XP level 5. HP: 15/28 MP: 7/14
  2828 | D:4      | Found a staircase to the Ecumenical Temple.
  2841 | Temple   | Entered the Ecumenical Temple
  2879 | Temple   | Became a worshipper of Sif Muna the Loreminder
  2981 | D:4      | Noticed Eustachio
  3102 | D:4      | Reached skill level 5 in Spellcasting
  3170 | D:4      | Learned a level 4 spell: Fulminant Prism
  3291 | D:4      | Reached skill level 5 in Stealth
  3296 | D:4      | Gained mutation: You are surrounded by a mild repulsion field. (EV +2) [potion of mutation]
  3296 | D:4      | Gained mutation: You are partially covered in thin metallic scales. (AC +2) [potion of mutation]
  3296 | D:4      | Gained mutation: Your muscles are strong. (Str +2) [potion of mutation]
  3304 | D:4      | Reached XP level 6. HP: 32/32 MP: 8/15
  3315 | D:4      | Noticed Menkaure
  3358 | D:4      | Killed Menkaure
  3358 | D:4      | Reached skill level 1 in Evocations
  4066 | D:5      | Entered Level 5 of the Dungeon
  4190 | D:5      | Reached XP level 7. HP: 27/36 MP: 5/16
  4350 | D:5      | Reached skill level 5 in Hexes
  5085 | D:5      | Reached skill level 5 in Dodging
  5089 | D:5      | Reached skill level 6 in Spellcasting
  5095 | D:5      | Learned a level 4 spell: Force Lance
  5259 | D:3      | Killed Sigmund
  5259 | D:3      | Reached * piety under Sif Muna
  5259 | D:3      | Reached skill level 1 in Translocations
  5259 | D:3      | Reached skill level 1 in Invocations
  5259 | D:3      | Reached XP level 8. HP: 41/41 MP: 11/19
  5264 | D:3      | Learned a level 1 spell: Animate Skeleton
  5433 | D:3      | You fall through a shaft!
  5573 | D:4      | Killed Eustachio
  5623 | D:6      | Reached skill level 5 in Evocations
  5952 | D:6      | Reached skill level 1 in Necromancy
  6002 | D:6      | Found a glowing golden altar of the Shining One.
  6279 | D:6      | Slain by an iguana

Vault maps used:
D:1:      dpeg_arrival_tiny_k
D:2:      chequers_ecumenical_altar_island
D:3:      cheibrodos_old_hovel, minmay_item_behind_shaft, uniq_sigmund
D:4:      minmay_temple_entry_large_hall, uniq_eustachio, uniq_menkaure
D:5:      first_ration
D:6:      gammafunk_temple_overflow_pools, marbit_many_paths,
          serial_co_window_serial, co_window_paths_b, co_window_corner_a,
          co_window_of_opportunity_a, co_window_corner_a, co_window_corner_a,
          co_window_corner_b, co_window_of_opportunity_b, co_window_broadway_a,
          co_window_4corner_a, glass_columns_c, glass_columns_a,
          glass_columns_a, glass_columns_a, glass_columns_a,
          kennysheep_generic_room_4
Temple:   nicolae_temple_x_marks_the_god

Skill      XL: |  1  2  3  4  5  6  7  8 |
---------------+-------------------------+-----
Stealth        | 3 4 5 |  5.1
Spellcasting   | 4 5 6 |  6.0
Conjurations   | 5 |  5.0
Hexes          | 1 2 3 4 5 |  5.2
Dodging        | 3 5 |  5.0
Evocations     | 2 4 5 |  5.0
Translocations | 1 4 |  4.0
Invocations    | 1 4 |  4.1
Necromancy     | 2 |  2.8

Action                   |  1- 3 |  4- 6 |  7- 9 || total
-------------------------+-------+-------+-------++-------
Melee: Dagger            |     9 |     4 |    55 ||    68
 Cast: Magic Dart        |    71 |    85 |   135 ||   291
       Searing Ray       |       |     3 |     8 ||    11
       Fulminant Prism   |       |     1 |       ||     1
       Dazzling Spray    |       |       |    12 ||    12
Evoke: Wand              |       |       |     2 ||     2
  Use: Scroll            |     5 |    11 |     2 ||    18
       Potion            |       |     2 |     3 ||     5
 Stab: Sleeping          |     4 |     1 |       ||     5
       Invisible         |       |       |     1 ||     1
  Eat: Chunk             |     2 |     6 |     5 ||    13
       Ration            |       |     1 |       ||     1
Armor: Robe              |     5 |    13 |    15 ||    33
       Skin              |       |       |    24 ||    24
Dodge: Dodged            |    15 |    31 |    71 ||   117

Table legend:
 A = Spawn XP
 B = Non-spawn XP
 C = Spawn XP percentage of total XP
 D = Spawn monster count
 E = Non-spawn monster count
 F = Spawn count percentage of total count
 G = Total turns spent on level
                    A         B        C        D         E        F      G
               +---------+---------+-------+---------+---------+-------+---------
         Total |       0 |    2458 |   0.0 |       0 |     112 |   0.0 |  6279
               +---------+---------+-------+---------+---------+-------+---------
           D:1 |       0 |      44 |   0.0 |       0 |      20 |   0.0 |  1148
           D:2 |       0 |      63 |   0.0 |       0 |      20 |   0.0 |   907
           D:3 |       0 |     332 |   0.0 |       0 |      16 |   0.0 |   877
           D:4 |       0 |     629 |   0.0 |       0 |      15 |   0.0 |  1488
           D:5 |       0 |     734 |   0.0 |       0 |      28 |   0.0 |  1431
           D:6 |       0 |     656 |   0.0 |       0 |      13 |   0.0 |   365
               +---------+---------+-------+---------+---------+-------+---------
